[Event "*** Titled Tuesday Blitz"]
[Site "Chess.com"]
[Date "2020.05.12"]
[Round "4"]
[White "luizwas"]
[Black "Srisshhhtea"]
[Result "0-1"]
[WhiteElo "1729"]
[BlackElo "2121"]
[TimeControl "180+1"]
[EndTime "10:38:30 PDT"]
[Termination "Srisshhhtea won by checkmate"]

1. e4 e6 2. d4 d5 3. exd5 exd5 4. Bd3 Bd6 5. Be3 Ne7 6. c3 Nbc6 7. Nd2 Bf5 8. Qc2 Qd7 9. O-O-O O-O-O 10. Ngf3 h6 11. Rde1 Rhe8 12. Nh4 Bxd3 13. Qxd3 g5 14. Nhf3 f5 15.
Nb3 f4 16. Bd2 Qf5 17. Qxf5+ Nxf5 18. Rxe8 Rxe8 19. Re1 Rxe1+ 20. Bxe1 g4 21. Nfd2 Nh4 22. g3 fxg3 23. hxg3 Nf5 24. Nf1 h5 25. Bd2 Nce7 26.
Ne3 Nxe3 27. Bxe3 Nf5 28. Kd2 Kd7 29. Nc1 h4 30. gxh4 Nxh4 31. Ne2 Nf5 32. Bf4 Ke6 33. Bxd6 Nxd6 34. Kd3 c6 35. Nf4+ Kf5 36. Ne2 Ne4 37. Ke3 Kg5 38. Ng3 Nd6 39. b3 a5 40. Ne2 Nf5+ 41.
Kd3 Nh4 42. c4 Ng2 43. a3 Nf4+ 44. Ke3 Nxe2 45. Kxe2 Kf4 46. cxd5 cxd5 47. b4 axb4 48.
axb4 b5 49. Kf1 Kf3 50. Ke1 Ke4 51. Kf1 Kxd4 52. Kg2 Ke4 53. Kg3 Kf5 54. f3 gxf3 55. Kxf3 Ke5 56. Ke3 d4+ 57. Kd3 Kd5 58. Kc2 Kc4 59. Kd2 Kxb4 60. Kd3 Kc5 61. Kc2 Kc4 62.
Kd2 b4 63. Kc2 b3+ 64. Kb2 d3 65. Kc1 Kc3 66. Kb1 d2 67. Ka1 d1=Q# 0-1

[Event "*** Titled Tuesday Blitz"]
[Site "Chess.com"]
[Date "2020.05.12"]
[Round "4"]
[White "Kolle05"]
[Black "zmarian"]
[Result "1-0"]
[WhiteElo "2374"]
[BlackElo "2138"]
[TimeControl "180+1"]
[EndTime "10:38:30 PDT"]
[Termination "Kolle05 won by resignation"]

1. e4 g6 2. d4 Bg7 3. Nf3 c5 4. c4 cxd4 5. Nxd4 Nc6 6. Be3 d6 7. Nc3 Nf6 8. f3 O-O 9. Be2 Bd7 10. O-O a6 11. Rc1 Nxd4 12. Bxd4 Bc6 13. b4 Bd7 14. a4 Be6 15. a5 Qd7 16. Nd5 Bxd5 17. exd5 Rac8 18.
Qd2 Nh5 19. Rfd1 f5 20. Bxg7 Nxg7 21. c5 dxc5 22. bxc5 Ne8 23. Qd4 Nf6 24. Bc4 Kg7 25.
c6 bxc6 26. Bxa6 Ra8 27. Rxc6 Ra7 28. Bb5 Qb7 29. a6 Qb8 30. Rb6 Qc7 31. Bc6 Rb8 32. Rdb1 Rxb6 33. Qxb6 Qxb6+ 34. Rxb6 Nd7 35. Rb7 Rxb7 36.
Bxb7 Nb6 37. a7 Kf6 38. a8=Q Nxa8 39. Bxa8 Ke5 40. Kf2 Kd4 1-0

[Event "*** Titled Tuesday Blitz"]
[Site "Chess.com"]
[Date "2020.05.12"]
[Round "4"]
[White "annamaja"]
[Black "binbin239"]
[Result "0-1"]
[WhiteElo "2309"]
[BlackElo "2489"]
[TimeControl "180+1"]
[EndTime "10:38:32 PDT"]
[Termination "binbin239 won by checkmate"]

1. e4 c5 2. Nf3 Nc6 3. d4 cxd4 4. Nxd4 g6 5. Be3 Nf6 6. Nc3 Bg7 7. Be2 O-O 8. O-O d5 9. exd5 Nb4 10. Qd2 Nbxd5 11. Nxd5 Nxd5 12. Bh6 Qb6 13. Bxg7 Kxg7 14. c4 Nf6 15.
Qc3 Rd8 16. Rfd1 Bd7 17. c5 Qc7 18. b4 Rac8 19. Qg3 Ba4 20. Nb3 Qc6 21. b5 Qe4 22. Bf3 Qc2 23. Rxd8 Rxd8 24. h3 Bxb3 25. axb3 Qxc5 26.
Bxb7 Qxb5 27. Rxa7 Qc5 28. Qe3 Rd1+ 29. Kh2 Qd6+ 30.
g3 Rd3 31. Qe2 Rd2 32. Qe3 Rb2 33. Bg2 e6 34. Rb7 Rd2 35. Qc3 Rd3 36. Qc4 Rd2 37.
b4 Rxf2 38. Qc7 Rxg2+ 39. Kxg2 Qd2+ 40. Kf1 Qd3+ 41. Kg1 Qe3+ 42. Kg2 Qe2+ 43. Kg1 Qd1+ 44. Kg2 Qd5+ 45. Kg1 Qd4+ 46. Kf1 Qd3+ 47. Ke1 Qe3+ 48. Kd1 Qf3+ 49. Kc2 Ne4 50. Qd7 Qe2+ 51. Kb3 Nd2+ 52. Ka4 Qa6# 0-1

[Event "*** Titled Tuesday Blitz"]
[Site "Chess.com"]
[Date "2020.05.12"]
[Round "4"]
[White "BlackWidow515"]
[Black "eightbyeightchess"]
[Result "0-1"]
[WhiteElo "2132"]
[BlackElo "2400"]
[TimeControl "180+1"]
[EndTime "10:38:32 PDT"]
[Termination "eightbyeightchess won on time"]

1. e4 e6 2. d4 d5 3. exd5 exd5 4.
Bd3 Nf6 5. Nf3 Bd6 6. Bg5 O-O 7. Kf1 h6 8. Bh4 Bg4 9. Bg3 Nc6 10. c3 Ne4 11.
Nbd2 Nxg3+ 12. hxg3 Qf6 13. Rh4 Bd7 14. Qc2 Ne7 15. Ne5 Bxe5 16. dxe5 Qxe5 17. Nf3 Qd6 18. Rd1 f5 19. c4 c6 20. c5 Qf6 21. Rh5 Ng6 22. Nh4 Nxh4 23. Rxh4 Rae8 24. Kg1 Re7 25. Rb4 Be8 26. a4 Bh5 27. Rc1 Rfe8 28. Bxf5 Re1+ 29. Rxe1 Rxe1+ 30. Kh2 Bd1 31. Qd3 Re5 32. g4 Qh4+ 33.
Qh3 Qxf2 34. Rxb7 Re8 35. Qh5 Qf4+ 0-1

[Event "*** Titled Tuesday Blitz"]
[Site "Chess.com"]
[Date "2020.05.12"]
[Round "4"]
[White "tioloko"]
[Black "124chess"]
[Result "1-0"]
[WhiteElo "2627"]
[BlackElo "2789"]
[TimeControl "180+1"]
[EndTime "10:38:33 PDT"]
[Termination "tioloko won by resignation"]

1. Nf3 d5 2. e3 c6 3. c4 e6 4.
b3 f5 5. Bb2 Nf6 6. Be2 Bd6 7.
O-O Qe7 8. d4 O-O 9. Nbd2 b6 10.
Ne5 Bb7 11. Rc1 Nbd7 12. f4 Rac8 13. Qe1 Ne4 14. Nxe4 dxe4 15. Nxd7 Qxd7 16. c5 Bb8 17. Bc4 b5 18. Be2 Kh8 19. Kh1 Rcd8 20. Rg1 Qe7 21. Bd1 Bc8 22. b4 Bd7 23. g4 Be8 24. gxf5 Rd5 25.
fxe6 Qxe6 26. Qh4 Bc7 27. Bb3 h6 28. Bxd5 Qxd5 29. Qe7 Rg8 30. Qxc7 Bh5 31. Rg2 Bf3 32. Qe5 Qxa2 33. d5 Qb3 34. h3 Qxe3 35. Rg1 cxd5 36. Bd4 Qe2 37. Kh2 Bxg2 38. Rxg2 1-0

[Event "*** Titled Tuesday Blitz"]
[Site "Chess.com"]
[Date "2020.05.12"]
[Round "4"]
[White "TheCount"]
[Black "MateSchmate"]
[Result "1-0"]
[WhiteElo "2604"]
[BlackElo "2409"]
[TimeControl "180+1"]
[EndTime "10:38:33 PDT"]
[Termination "TheCount won by resignation"]

1. d4 c5 2. d5 e5 3. c4 d6 4. Nc3 g6 5. g3 Bg7 6. Bg2 Ne7 7. e4 O-O 8. Nge2 f5 9. O-O Nd7 10. Be3 Nf6 11. h3 a6 12. a4 fxe4 13. Kh2 Nf5 14. Bg5 h6 15. Bxf6 Bxf6 16. Nxe4 Bg7 17.
Qd2 Qe7 18. Rae1 Bd7 19. f4 Bxa4 20. fxe5 Bxe5 21. Nf4 Kh7 22. Ne6 Rg8 23. Kh1 Bd7 24. g4 Bxe6 25. dxe6 Raf8 26. gxf5 gxf5 27. Nxc5 Bg3 28.
Nd7 Bxe1 29. Nxf8+ Rxf8 30. Rxe1 f4 31. Qd5 Qh4 32. Qe4+ Kh8 33. e7 Re8 34. Re2 Qf6 35. Qe6 Kg7 36. Qxf6+ Kxf6 37. Bxb7 a5 38. Bc6 Rxe7 39.
Rxe7 Kxe7 40. Kg2 Ke6 41. Kf3 Ke5 42. b3 Kf5 43. Bd7+ Ke5 44. Bc8 Kd4 45. Bd7 Ke5 46.
Bb5 Kf5 47. Bc6 Ke5 48. Bd7 h5 49. h4 Kd4 50. Kxf4 Kc3 51. Ba4 Kb4 52. Kg5 Kc5 53.
Kxh5 d5 54. cxd5 Kxd5 55. Kg5 Ke6 56. Kg6 Ke7 57. Kg7 Ke6 58. h5 Kf5 59. h6 1-0

[Event "*** Titled Tuesday Blitz"]
[Site "Chess.com"]
[Date "2020.05.12"]
[Round "4"]
[White "DanielRensch"]
[Black "NemtsevIgor"]
[Result "1-0"]
[WhiteElo "2498"]
[BlackElo "2284"]
[TimeControl "180+1"]
[EndTime "10:38:33 PDT"]
[Termination "DanielRensch won by resignation"]

1. e4 c6 2. d4 d5 3. exd5 cxd5 4. c4 Nf6 5. Nc3 e6 6. Nf3 Be7 7. c5 O-O 8. Bd3 b6 9. b4 a5 10. Na4 Nfd7 11. a3 axb4 12. axb4 bxc5 13. dxc5 Nc6 14.
Bd2 Nce5 15. Nxe5 Nxe5 16. Bc2 Nc4 17. O-O Ba6 18. Bc3 Bb5 19. Qf3 e5 20. Rfd1 d4 21.
Nb2 Rxa1 22. Rxa1 dxc3 23. Nxc4 Bxc4 24. Qe4 g6 25. Qxc4 Qd2 26. Bb3 Qb2 27. Rd1 Bf6 28. g3 e4 29. Rd7 c2 30. Qxc2 Qxc2 31. Bxc2 Rb8 32. c6 Rxb4 33. c7 Rc4 34. Rd8+ Kg7 35. c8=Q Rxc8 36. Rxc8 Bd4 37. Bxe4 1-0

[Event "*** Titled Tuesday Blitz"]
[Site "Chess.com"]
[Date "2020.05.12"]
[Round "4"]
[White "Denis_Palkovich"]
[Black "Kapibara_Warri0r"]
[Result "1-0"]
[WhiteElo "2279"]
[BlackElo "2072"]
[TimeControl "180+1"]
[EndTime "10:38:33 PDT"]
[Termination "Denis_Palkovich won by checkmate"]

1. d4 Nf6 2. Bf4 g6 3. e3 Bg7 4. Nf3 O-O 5. Be2 d6 6. O-O Nbd7 7. c4 Qe8 8. Nc3 e5 9. Bg5 h6 10. Bh4 b6 11. Nb5 Qd8 12. Rc1 a6 13. Nc3 Qe8 14.
Nd5 Ra7 15. Nxf6+ Nxf6 16. dxe5 dxe5 17. c5 g5 18. Bg3 Ne4 19. Qc2 Nxc5 20. b4 Nd7 21. Qc6 Bb7 22. Qc4 b5 23. Qb3 Be4 24. Rfd1 Nb6 25. Rc5 Na4 26. Rxe5 Bxe5 27. Nxe5 Qe6 28.
Qxe6 fxe6 29. Rd7 Nc3 30. Bg4 Raa8 31. Bxe6+ Kh8 32. f3 Bh7 33. Nf7+ Rxf7 34. Bxf7 Nxa2 35. Be5# 1-0

[Event "*** Titled Tuesday Blitz"]
[Site "Chess.com"]
[Date "2020.05.12"]
[Round "4"]
[White "HanSchut"]
[Black "TheSodabread"]
[Result "1-0"]
[WhiteElo "2204"]
[BlackElo "1918"]
[TimeControl "180+1"]
[EndTime "10:38:33 PDT"]
[Termination "HanSchut won on time"]

1. e4 d6 2. d4 Nf6 3. Nc3 e5 4. Nf3 Nbd7 5. Bc4 Be7 6. a4 c6 7. a5 Qc7 8. Qe2 h6 9. Bb3 g5 10. Qc4 Rh7 11. Nd5 Nxd5 12. exd5 exd4 13. Nxd4 Ne5 14.
Qe2 c5 15. Qe4 Rh8 16. Nb5 Qd7 17. f4 f5 18. Qe2 Nf7 19. Ba4 Kf8 20. Nd4 Qd8 21.
Ne6+ Bxe6 22. dxe6 Qxa5+ 23. Bd2 Qb6 24. exf7 Qxb2 25.
O-O Qd4+ 26. Kh1 g4 27. Rae1 Qf6 28. Bc3 Qxf7 29. Bxh8 h5 30. Bb3 Qe8 31. Qe6 1-0

[Event "*** Titled Tuesday Blitz"]
[Site "Chess.com"]
[Date "2020.05.12"]
[Round "4"]
[White "Trankuilizer"]
[Black "Robert_Chessmood"]
[Result "0-1"]
[WhiteElo "2552"]
[BlackElo "2951"]
[TimeControl "180+1"]
[EndTime "10:38:34 PDT"]
[Termination "Robert_Chessmood won by resignation"]

1. e4 e5 2. Nf3 Nc6 3. Bc4 Bc5 4.
c3 Nf6 5. d3 d6 6. Nbd2 a5 7. a4 O-O 8. O-O Be6 9. h3 h6 10. Re1 Re8 11. Qb3 Rb8 12. Nf1 Bxc4 13. Qxc4 Bb6 14. Be3 d5 15. exd5 Qxd5 16. Qb5 Bxe3 17.
Nxe3 Qd7 18. Rad1 Re6 19. Nc4 Qe8 20. Ncxe5 Nxe5 21. Rxe5 Rxe5 22. Qxe5 Qxa4 23. Re1 Rc8 24. d4 b6 25. Qf5 Qd7 26. Qxd7 Nxd7 27. Re7 Rd8 28. Kf1 Kf8 29. Re3 a4 30. Ke2 b5 31.
Kd3 Nb6 32. Ne5 f6 33. Nc6 Rd6 34. Na5 Nd5 35. Re4 Ra6 36. Nc6 Rxc6 0-1

[Event "*** Titled Tuesday Blitz"]
[Site "Chess.com"]
[Date "2020.05.12"]
[Round "4"]
[White "Mikhail_Golubev"]
[Black "chito89"]
[Result "0-1"]
[WhiteElo "2507"]
[BlackElo "2744"]
[TimeControl "180+1"]
[EndTime "10:38:34 PDT"]
[Termination "chito89 won by resignation"]

1. e4 g6 2. d4 Bg7 3. c4 d6 4. Nc3 Nf6 5. Be2 O-O 6. Nf3 Bg4 7. Be3 Nfd7 8. Qd2 c5 9. d5 Na6 10. Ng1 Bxe2 11. Ngxe2 Nc7 12. O-O a6 13. a4 Rb8 14.
a5 b5 15. axb6 Rxb6 16. Qc2 Qb8 17. Rfb1 e6 18. b3 exd5 19. exd5 Re8 20. h3 Ne5 21. Na4 Rb4 22. Nec3 h5 23. Bd2 Nd7 24. Ne4 Bxa1 25. Bxb4 Nxd5 26. Bd2 N5f6 27. Nxd6 Qxd6 28. Rxa1 Re2 29. Rd1 Ne4 30. Be3 Rxc2 31. Rxd6 Nxd6 0-1

[Event "*** Titled Tuesday Blitz"]
[Site "Chess.com"]
[Date "2020.05.12"]
[Round "4"]
[White "WhiteCapital80"]
[Black "allvim"]
[Result "1-0"]
[WhiteElo "2451"]
[BlackElo "2277"]
[TimeControl "180+1"]
[EndTime "10:38:34 PDT"]
[Termination "WhiteCapital80 won by resignation"]

1. e4 c5 2. Nf3 d6 3. d4 cxd4 4. Nxd4 Nf6 5. Nc3 a6 6. Be2 e5 7.
Nb3 Be6 8. O-O Be7 9. f4 exf4 10. Bxf4 Nc6 11. Kh1 O-O 12. Qe1 Ne5 13. Rd1 Qc7 14. Nd4 Ng6 15. Bg5 Rac8 16. Qg3 d5 17. Qxc7 Rxc7 18. exd5 Nxd5 19. Nxe6 fxe6 20. Nxd5 exd5 21. Bxe7 Rxf1+ 22. Rxf1 Nxe7 23. c3 Nc6 24. Bf3 Rd7 25. Rd1 Ne7 26. Kg1 Kf7 27. Kf2 b5 28. Ke3 Nf5+ 29. Kf4 Ne7 30. Ke5 Nc6+ 31. Kf4 Ne7 32. Rd4 Rd6 33. a4 h6 34. h4 g5+ 35. hxg5 hxg5+ 36.
Kxg5 Rg6+ 37. Kh5 Rf6 38. axb5 axb5 39. Bxd5+ Kg7 40. Be4 Rh6+ 41. Kg5 Re6 42. Kf4 Rf6+ 43. Ke5 Rf1 44. Rd7 Kf8 45. Rb7 Re1 46. Rxb5 Re2 47.
Kf6 Nc6 1-0

[Event "*** Titled Tuesday Blitz"]
[Site "Chess.com"]
[Date "2020.05.12"]
[Round "4"]
[White "CzechmVIII"]
[Black "witcher8"]
[Result "1/2-1/2"]
[WhiteElo "2249"]
[BlackElo "2420"]
[TimeControl "180+1"]
[EndTime "10:38:34 PDT"]
[Termination "Game drawn by repetition"]

1. e4 c6 2. d4 d5 3. e5 Bf5 4. Nc3 e6 5. g4 Bg6 6. Nge2 c5 7.
h4 h5 8. Nf4 Nc6 9. Nxg6 fxg6 10. Ne2 Qb6 11. Bh3 Nxd4 12. Nf4 hxg4 13. Bxg4 Nh6 14. c3 Ndf5 15. Nxg6 Rg8 16. Bxf5 Nxf5 17.
Qa4+ Qc6 18. Qxc6+ bxc6 19. Bg5 Kf7 20. h5 Rb8 21. O-O-O c4 22. Nxf8 Rgxf8 23. h6 gxh6 24. Bxh6 Rh8 25. Bg5 Rxh1 26. Rxh1 Rg8 27. Bf6 Rg2 28. Rh7+ Kg6 29. Rxa7 Rxf2 30. Rc7 Rf1+ 31. Kd2 Rf2+ 32. Kc1 Rf1+ 33. Kd2 Rf2+ 34. Kc1 1/2-1/2

[Event "*** Titled Tuesday Blitz"]
[Site "Chess.com"]
[Date "2020.05.12"]
[Round "4"]
[White "Sjakkerntobi"]
[Black "Aikiigm"]
[Result "1-0"]
[WhiteElo "2301"]
[BlackElo "2488"]
[TimeControl "180+1"]
[EndTime "10:38:35 PDT"]
[Termination "Sjakkerntobi won by resignation"]

1. e4 Nf6 2. e5 Nd5 3. Nc3 Nxc3 4. dxc3 d6 5. Bf4 Nc6 6. Bb5 Bd7 7. Qe2 a6 8. Bxc6 Bxc6 9. Nf3 e6 10. O-O-O Be7 11. Nd4 Qd7 12. h4 O-O-O 13. h5 h6 14. Qg4 Rhg8 15. Rhe1 Kb8 16. Kb1 Bd5 17. b3 g5 18. Bg3 c5 19. Nf3 Qc6 20. exd6 Bxd6 21. Bxd6+ Rxd6 22. Qg3 Rd8 23. Ne5 Qc7 24. c4 Bc6 25.
Rxd6 Rxd6 26. Nxf7 Rd2 27. Qxc7+ Kxc7 28. Nxh6 Rxf2 29. Rxe6 Rxg2 30. Nf7 g4 31. Rg6 Be4 32. Rg7 Bxc2+ 33. Kc1 Bd3 34. Ne5+ Kd6 35. Nxd3 Ke6 36.
Nf4+ Kf6 37. Rg6+ Kf5 38. Nxg2 1-0

[Event "*** Titled Tuesday Blitz"]
[Site "Chess.com"]
[Date "2020.05.12"]
[Round "4"]
[White "MoreChessJulia"]
[Black "GMaka"]
[Result "0-1"]
[WhiteElo "1788"]
[BlackElo "2359"]
[TimeControl "180+1"]
[EndTime "10:38:35 PDT"]
[Termination "GMaka won by checkmate"]

1. d4 Nf6 2. c4 Nc6 3. d5 Ne5 4. e4 Ng6 5. Nc3 e5 6. a3 a5 7. f3 Bc5 8. Rb1 Nh5 9. Nge2 Nhf4 10. g3 Nxe2 11. Bxe2 d6 12. h4 h6 13. b4 axb4 14.
axb4 Bd4 15. Qc2 Bd7 16. h5 Nf8 17. g4 Nh7 18. Bd3 O-O 19. Ne2 c5 20. dxc6 bxc6 21.
Nxd4 exd4 22. Bf4 Be6 23. Kf2 Ng5 24. Kg3 Qe7 25. b5 c5 26. Ra1 f6 27. Ra4 Nf7 28. Rha1 Rxa4 29. Qxa4 Ne5 30. Bxe5 fxe5 31. b6 Qf6 32. Be2 Qf4+ 33. Kg2 Bxg4 34. Ra3 Qd2 35. Ra2 Bxf3+ 36. Kh3 Qe1 37. Bxf3 Rxf3+ 38. Kh2 Qg3+ 39.
Kh1 Rf1# 0-1

[Event "*** Titled Tuesday Blitz"]
[Site "Chess.com"]
[Date "2020.05.12"]
[Round "4"]
[White "jacky72"]
[Black "woodhy"]
[Result "1-0"]
[WhiteElo "2654"]
[BlackElo "2466"]
[TimeControl "180+1"]
[EndTime "10:38:36 PDT"]
[Termination "jacky72 won by checkmate"]

1. d4 Nf6 2. c4 e6 3. Nf3 b6 4. g3 Bb7 5. Bg2 Be7 6. O-O O-O 7. Re1 Ne4 8. d5 f5 9. Nfd2 Nxd2 10. Qxd2 Qc8 11.
Nc3 Na6 12. b3 Nc5 13. Bb2 Bf6 14. e4 fxe4 15. Nxe4 Nxe4 16. Bxe4 Bxb2 17. Qxb2 exd5 18. cxd5 c5 19. Qc2 h6 20. Qe2 Rf6 21. Qg4 d6 22. Qh5 Qf8 23. f4 Qf7 24. Qd1 Re8 25. Qd3 Re7 26.
Kf2 g5 27. f5 Rxe4 28. Qxe4 Rxf5+ 29. Kg1 Re5 30. Qg4 Qxd5 31. Qc4 Rxe1+ 32. Rxe1 Qxc4 33. bxc4 Kf7 34. Kf2 d5 35. cxd5 Bxd5 36. a3 Kf6 37. Re8 c4 38. Ke3 b5 39. Kd4 Bg2 40. Rb8 a6 41. Rb6+ Kf5 42. Rxh6 Bb7 43. Rb6 Bc8 44.
Rc6 Bb7 45. Rc7 Bg2 46. Ra7 Kg4 47. Rxa6 Kh3 48. Rh6+ Kg4 49. Rb6 Kh3 50. Rxb5 g4 51. Rh5# 1-0

[Event "*** Titled Tuesday Blitz"]
[Site "Chess.com"]
[Date "2020.05.12"]
[Round "4"]
[White "Berant"]
[Black "jonaszmb"]
[Result "1-0"]
[WhiteElo "2357"]
[BlackElo "2496"]
[TimeControl "180+1"]
[EndTime "10:38:36 PDT"]
[Termination "Berant won by resignation"]

1. e4 c5 2. Nf3 Nc6 3. d4 cxd4 4.
Nxd4 e5 5. Nb5 a6 6. Nd6+ Bxd6 7. Qxd6 Qf6 8. Qd1 Qg6 9. Nc3 d5 10. Nxd5 Qxe4+ 11. Be3 Nd4 12. Nc7+ Ke7 13. Rc1 Bg4 14. Qd3 Qxd3 15. Bxd3 Rd8 16. Be4 f5 17. Bxb7 Nxc2+ 18. Kf1 Nxe3+ 19. fxe3 Nf6 20. h3 Bh5 21. Bxa6 Rd2 22. b4 Ne4 23. Ke1 Rhd8 24. g4 fxg4 25. Be2 Ng3 26. Rh2 Nxe2 27. Rxe2 Rxe2+ 28. Kxe2 gxh3+ 29. Kf2 h2 30. b5 e4 31. Kg3 Rd2 32. Rh1 Rxa2 33.
b6 Kd7 34. Nd5 Bf3 35. b7 Rg2+ 36. Kf4 g5+ 37. Ke5 Rb2 38. Rxh2 h5 39. Rxb2 1-0

[Event "*** Titled Tuesday Blitz"]
[Site "Chess.com"]
[Date "2020.05.12"]
[Round "4"]
[White "Klavdia_Nik"]
[Black "willc-h99"]
[Result "0-1"]
[WhiteElo "2079"]
[BlackElo "2386"]
[TimeControl "180+1"]
[EndTime "10:38:36 PDT"]
[Termination "willc-h99 won on time"]

1. Nf3 c5 2. c4 g6 3. Nc3 Bg7 4. d4 cxd4 5. Nxd4 Nc6 6. e3 Nf6 7. Be2 O-O 8. Nc2 d6 9. O-O b6 10. e4 Nd7 11. Nd5 Bb7 12. Rb1 e6 13. Nde3 Nc5 14.
f3 Be5 15. b3 f5 16. exf5 gxf5 17. Bb2 Bxb2 18. Rxb2 Qf6 19. Rb1 Rad8 20. Re1 Kh8 21. Bf1 Ne5 22. Nd4 Rg8 23. Qe2 Ncd3 24. Red1 Nf4 25.
Qd2 Bxf3 26. Kh1 Bxd1 27. Rxd1 Qh4 28. Qe1 Qh6 29. Qf2 Rg5 30. g3 Nh5 0-1

[Event "*** Titled Tuesday Blitz"]
[Site "Chess.com"]
[Date "2020.05.12"]
[Round "4"]
[White "abykhovsky"]
[Black "BocharovD"]
[Result "0-1"]
[WhiteElo "2678"]
[BlackElo "2864"]
[TimeControl "180+1"]
[EndTime "10:38:37 PDT"]
[Termination "BocharovD won by resignation"]

1. d4 Nf6 2. Nf3 e6 3. Bg5 h6 4. Bh4 d6 5. c4 g5 6. Bg3 Nh5 7. Nc3 Bg7 8. e3 O-O 9. Nd2 Nxg3 10. hxg3 c5 11. d5 exd5 12. Nxd5 Be6 13. Bd3 Nc6 14. a3 b5 15. Qc2 bxc4 16. Bxc4 Ne5 17. Ba2 Rb8 18.
Rb1 c4 19. Bxc4 Nxc4 20. Qxc4 Qa5 21. Ne7+ Kh8 22. Ng6+ Kg8 23. Ne7+ Kh8 24. Ng6+ fxg6 25. Qxe6 Kh7 26. b4 Qxa3 27. O-O Qd3 28. Nf3 Rbe8 29. Qd7 Qe4 30. Qxa7 g4 31. Nd2 Qd3 32. Qa2 Ra8 33.
Rb3 Qxf1+ 0-1

[Event "*** Titled Tuesday Blitz"]
[Site "Chess.com"]
[Date "2020.05.12"]
[Round "4"]
[White "Mizner"]
[Black "giantslayer83"]
[Result "1-0"]
[WhiteElo "2510"]
[BlackElo "2699"]
[TimeControl "180+1"]
[EndTime "10:38:37 PDT"]
[Termination "Mizner won on time"]

1. d4 Nf6 2. c4 e6 3. Nc3 Bb4 4. Qc2 d5 5. cxd5 Qxd5 6. e3 O-O 7. Bd2 Bxc3 8. bxc3 b6 9. Be2 Nc6 10. Bf3 Qc4 11. Qb3 Qxb3 12. axb3 Bb7 13. b4 a5 14.
b5 Nd8 15. c4 Be4 16. Bxe4 Nxe4 17. Nf3 Nb7 18. Ke2 f6 19. Rhc1 Nbd6 20. Be1 Rfc8 21. Rab1 c6 22. bxc6 Rxc6 23. d5 Rxc4 24. dxe6 Rxc1 25. Rxc1 Rc8 26. Rxc8+ Nxc8 27. Nd4 Kf8 28.
f4 g6 29. g4 Ne7 30. Kd3 Nc5+ 31. Kc4 Ke8 32. Kb5 Nd5 33. Bd2 1-0

[Event "*** Titled Tuesday Blitz"]
[Site "Chess.com"]
[Date "2020.05.12"]
[Round "4"]
[White "MisiekZielony"]
[Black "Nagimov_Artiom"]
[Result "0-1"]
[WhiteElo "2116"]
[BlackElo "2397"]
[TimeControl "180+1"]
[EndTime "10:38:37 PDT"]
[Termination "Nagimov_Artiom won by resignation"]

1. c4 c5 2. Nc3 Nc6 3. g3 g6 4.
Bg2 Bg7 5. e4 e5 6. Nge2 Nge7 7.
d3 d6 8. O-O O-O 9. Be3 Rb8 10. Qd2 a6 11. f4 f5 12. fxe5 Nxe5 13. h3 fxe4 14. Nxe4 Bf5 15. g4 Bxe4 16. Bxe4 Qd7 17.
Nf4 b5 18. b3 bxc4 19. dxc4 Nxg4 20. Bd5+ Nxd5 21. Qxd5+ Kh8 22. hxg4 Qxg4+ 23. Ng2 Bxa1 24. Rxa1 Rbe8 25. Qd2 Rf3 26. Bh6 Rg3 27. Rf1 Qd4+ 28.
Qxd4+ cxd4 29. Kf2 Rc3 30. Rd1 Rc2+ 31. Rd2 d3 32.
Nf4 Rxd2+ 0-1

[Event "*** Titled Tuesday Blitz"]
[Site "Chess.com"]
[Date "2020.05.12"]
[Round "4"]
[White "Orest_Vovk"]
[Black "emperor87"]
[Result "1-0"]
[WhiteElo "2439"]
[BlackElo "2598"]
[TimeControl "180+1"]
[EndTime "10:38:38 PDT"]
[Termination "Orest_Vovk won by resignation"]

1. e4 c5 2. Be2 g6 3. d3 Bg7 4. f4 e5 5. Nf3 exf4 6. c3 g5 7. h4 h6 8. hxg5 hxg5 9. Rxh8 Bxh8 10. Kd2 d5 11. Qh1 Bg7 12. Qh7 Kf8 13. e5 g4 14.
Nh2 Qg5 15. Kc2 Qxe5 16. Bd1 Bf5 17. Qh4 c4 18. Qd8+ Qe8 19. Qxe8+ Kxe8 20. Bxf4 Bxd3+ 21. Kd2 Nc6 22. Nxg4 d4 23. Bf3 Rd8 24. Bxc6+ bxc6 25. Be5 Kf8 26. Bxg7+ Kxg7 27. Ne5 Be4 28. cxd4 Bxg2 29. Nc3 Kf8 30. Rg1 Bd5 31. Rf1 f6 32. Ng4 Kf7 33.
Ne3 Ne7 34. Nexd5 cxd5 35. Ne2 Rh8 36. Kc3 Nc6 37. Nf4 Ne7 38. Kb4 Rb8+ 39. Kc5 Rxb2 40. Nxd5 Nxd5 41. Kxd5 c3 42. Rc1 c2 43. a4 Ke7 44.
Kc4 Kd6 45. Kc3 Ra2 46. Kb3 Rxa4 47. Kxa4 Kd5 48. Rxc2 Kxd4 49. Rf2 Ke5 50. Kb3 f5 51. Kc3 Ke4 52. Kd2 f4 53. Ke2 a5 54. Rf1 Kd4 55. Ra1 Kc3 56. Rxa5 1-0

[Event "*** Titled Tuesday Blitz"]
[Site "Chess.com"]
[Date "2020.05.12"]
[Round "4"]
[White "m-garcett"]
[Black "RamonManon0g"]
[Result "0-1"]
[WhiteElo "1985"]
[BlackElo "2232"]
[TimeControl "180+1"]
[EndTime "10:38:38 PDT"]
[Termination "RamonManon0g won on time"]

1. e4 c5 2. Nf3 d6 3. d4 cxd4 4. Nxd4 Nf6 5. Nc3 a6 6. Bg5 e6 7. f4 Qb6 8. Qd2 Qxb2 9. Nb3 Qa3 10. Be2 Be7 11. O-O Nbd7 12. Qd4 O-O 13. Nb1 e5 14.
Nxa3 exd4 15. Nxd4 h6 16. Bh4 Re8 17. Bd3 Nxe4 18. Bxe7 Rxe7 19. Nf5 Re6 20. Bxe4 Rxe4 21.
Nxd6 Re2 22. Rfe1 Rxe1+ 23. Rxe1 Nf6 24. Re7 Be6 25. Rxb7 Bxa2 26. c4 Ng4 27. h3 Ne3 28.
Nxf7 Nxc4 29. Nxc4 Bxc4 30. Ne5 Bd5 31. Rd7 Be4 32.
Rd4 Bc2 33. Rc4 Bb3 34. Rb4 Be6 35. Ra4 Bb3 36. Ra5 Bd1 37. Kf2 Bb3 38. Ke3 Bd1 39.
Kd4 Be2 40. g3 Rb8 41. Ke3 Rb2 42. h4 Bb5 43. Kd4 Rg2 44. g4 Rf2 45. f5 Rf4+ 46. Kd5 Rf1 47. Ke6 Re1 48. Ra3 Bc4+ 49. Kd6 Rd1+ 0-1

[Event "*** Titled Tuesday Blitz"]
[Site "Chess.com"]
[Date "2020.05.12"]
[Round "4"]
[White "Mykola-Bortnyk"]
[Black "Artem_Sadovsky"]
[Result "1-0"]
[WhiteElo "2872"]
[BlackElo "2536"]
[TimeControl "180+1"]
[EndTime "10:38:39 PDT"]
[Termination "Mykola-Bortnyk won on time"]

1. e4 g6 2. Bc4 Bg7 3. Qf3 e6 4. c3 Ne7 5. d4 d5 6. Bd3 c5 7.
dxc5 Nbc6 8. Ne2 Ne5 9. Qg3 Nxd3+ 10. Qxd3 dxe4 11. Qxe4 Qd5 12. Qxd5 Nxd5 13. Nd2 O-O 14. Nb3 Bd7 15. a4 Rfc8 16. Nf4 Nxf4 17. Bxf4 e5 18. Be3 Be6 19. Nd2 f5 20. g3 Bd5 21. O-O f4 22.
gxf4 exf4 23. Bxf4 Rxc5 24. Be3 Rc6 25. f4 Re6 26.
Rae1 Rae8 27. Bf2 a6 28. Rxe6 Rxe6 29. Re1 Rxe1+ 30. Bxe1 Bh6 31. Bg3 Kf7 32. Kf2 Ke6 33. Nf1 Bb3 34. a5 Kf5 35. Nd2 Bd5 36. c4 Bc6 37. Nb3 Bxf4 38. Nd4+ Ke4 39. Nxc6 Bxg3+ 40. Kxg3 bxc6 41. b4 Ke5 42. b5 cxb5 43. cxb5 axb5 44.
a6 1-0

[Event "*** Titled Tuesday Blitz"]
[Site "Chess.com"]
[Date "2020.05.12"]
[Round "4"]
[White "TengisChess"]
[Black "LionTheLeon_06"]
[Result "1-0"]
[WhiteElo "2496"]
[BlackElo "2668"]
[TimeControl "180+1"]
[EndTime "10:38:39 PDT"]
[Termination "TengisChess won by resignation"]

1. b3 e5 2. Bb2 Nc6 3. e3 g6 4. f4 d6 5. Nf3 Bg7 6. Bb5 Bg4 7. h3 Bxf3 8. Qxf3 Ne7 9. fxe5 dxe5 10. Nc3 O-O 11.
Bxc6 Nxc6 12. O-O-O Qd7 13. g4 f5 14. gxf5 Rxf5 15.
Qd5+ Qxd5 16. Nxd5 Rf7 17. Rdf1 Raf8 18. Rxf7 Rxf7 19. Kd1 Rd7 20. c4 Ne7 21. Nxe7+ Rxe7 22. Ke2 Kf7 23. Rf1+ Ke6 24. d4 exd4 25. exd4 Kd7+ 26. Kd3 c6 27. Bc3 b6 28. Bb4 c5 29. dxc5 Ke8 30. cxb6 Rd7+ 31. Kc2 axb6 32. a4 Rd4 33. Re1+ Kd8 34.
Bc3 Rd7 35. Bb4 Bf6 36. Re6 Bd4 37. a5 bxa5 38. Bxa5+ Kc8 39. b4 Rf7 40. c5 Kd7 41.
Rd6+ 1-0

[Event "*** Titled Tuesday Blitz"]
[Site "Chess.com"]
[Date "2020.05.12"]
[Round "4"]
[White "Matalon"]
[Black "Chesswizard_2007"]
[Result "1/2-1/2"]
[WhiteElo "2355"]
[BlackElo "2581"]
[TimeControl "180+1"]
[EndTime "10:38:39 PDT"]
[Termination "Game drawn by repetition"]

1. e4 d6 2. d4 Nf6 3. Nc3 Nbd7 4. h3 e5 5. Nge2 h5 6. Be3 c6 7. a4 Qc7 8. Qd2 Be7 9. g3 b6 10. Bg2 Bb7 11. O-O O-O 12. f4 exd4 13. Nxd4 d5 14. e5 Nh7 15. Nf5 Bc5 16. Bxc5 Nxc5 17. Rae1 Rad8 18. Qe2 Ba6 19. Qxh5 Bxf1 20. Bxf1 g6 21. Nh6+ Kg7 22. Qh4 Rde8 23. g4 Qd8 24. g5 d4 25. Ng4 dxc3 26. Qh6+ Kg8 27. Nf6+ Nxf6 28.
gxf6 Qd4+ 29. Kh1 Ne6 30. f5 Qd2 31. Re3 Qf2 32. fxe6 Qxf1+ 33. Kh2 Qf2+ 34. Kh1 Qf1+ 35. Kh2 Qf2+ 36. Kh1 Qf1+ 1/2-1/2